 Dungeon Crawl Stone Soup version 0.31-a0-700-gf13585253f (webtiles) character file.

Game seed: 483870698755626817

5491 freelancePsychic the Cruncher (level 10, -1/94 HPs)
             Began as a Minotaur Conjurer on Sept 7, 2023.
             Was a Follower of Qazlal.
             Slain by a boulder beetle (46 damage)
             ... on level 7 of the Dungeon.
             The game lasted 00:14:52 (10404 turns).

freelancePsychic the Cruncher (Minotaur Conjurer)  Turns: 10404, Time: 00:14:53

Health: -1/94      AC:  6    Str: 17    XL:     10   Next: 42%
Magic:  13/13      EV: 10    Int: 15    God:    Qazlal [*.....]
Gold:   423        SH:  2    Dex:  8    Spells: 11/11 levels left

rFire   . . .        y - +0 lajatang
rCold   . . .        (shield currently unavailable)
rNeg    . . .        f - +0 ring mail
rPois   +            (helmet restricted)
rElec   .            A - +0 cloak
rCorr   .            (no gloves)
SInv    +            (no boots)
Will    .....        (no amulet)
Stlth   +            q - ring of poison resistance
HPRegen 0.35/turn    C - ring of see invisible
MPRegen 0.13/turn

%: no passive effects
@: spiked
A: horns 2, retaliatory headbutt
a: Renounce Religion


You were on level 7 of the Dungeon.
You worshipped Qazlal.
Qazlal was aware of your devotion.
You visited 2 branches of the dungeon, and saw 8 of its levels.
You also visited: Ossuary.

You collected 423 gold pieces.

Inventory:

Hand Weapons
 d - a +1 rapier
 h - a +0 glaive
 y - a +0 lajatang (weapon)
Missiles
 m - 14 boomerangs (quivered)
 n - 7 poisoned darts
Armour
 a - a +0 plate armour
 f - a +0 ring mail (worn)
 u - a +0 troll leather armour
 A - a +0 cloak (worn)
Jewellery
 q - a ring of poison resistance (left hand)
 C - a ring of see invisible (right hand)
Wands
 g - a wand of polymorph (3)
 o - a wand of iceblast (2)
 B - a wand of flame (10)
 E - a wand of acid (4)
Scrolls
 c - 3 scrolls of blinking
 j - a scroll of revelation
 p - a scroll of poison
 v - 2 scrolls of noise
 x - 2 scrolls of identify {@r1}
 D - 2 scrolls of enchant armour
Potions
 b - a potion of magic
 e - 2 potions of heal wounds {@q2}
 i - 4 potions of attraction
 k - 8 potions of curing {@q1}
 l - a potion of lignification
 r - 2 potions of haste {@q3}
 s - 2 potions of ambrosia {unknown}
 t - a potion of resistance {unknown}
 w - a potion of invisibility
 z - a potion of berserk rage {unknown}
 F - a potion of might {unknown}
 G - a potion of brilliance {unknown}


   Skills:
 + Level 10.7 Fighting
 - Level 6.1(9.3) Polearms
 * Level 11.0(11.6) Staves
 - Level 3.0 Throwing
 - Level 2.1 Dodging
 - Level 1.5 Stealth
 - Level 1.3 Spellcasting
 - Level 2.9 Conjurations
 + Level 6.0 Invocations
 - Level 0.4 Evocations


You had 11 spell levels left.
You didn't know any spells.
Your spell library contained the following spells:

 Spells                   Type           Power      Damage    Failure   Level
 Magic Dart               Conj           36%        1d4       13%         1
 Searing Ray              Conj           18%        2d5       21%         2
 Summon Small Mammal      Summ           4%         N/A       41%         1
 Call Imp                 Summ           2%         N/A       54%         2
 Dazzling Flash           Conj/Hex       10%        N/A       56%         3
 Mephitic Cloud           Conj/Pois/Air  4%         N/A       65%         3
 Call Canine Familiar     Summ           1%         N/A       78%         3
 Summon Guardian Golem    Hex/Summ       1%         N/A       78%         3
 Tukima's Dance           Hex            1%         N/A       78%         3
 Fulminant Prism          Conj/Hex       2%         3d5       93%         4
 Iskenderun's Mystic Bla  Conj/Tloc      5%         2d3       93%         4
 Iskenderun's Battlesphe  Conj           9%         2d6       98%         5
 Passage of Golubria      Tloc           1%         N/A       99%         4
 Fireball                 Conj/Fire      2%         3d4       100%        5
 Yara's Violent Unravell  Hex/Tmut       0%         3d3       100%        5
 Conjure Ball Lightning   Conj/Air       2%         3x3d6     100%        6
 Orb of Destruction       Conj           4%         9d5       100%        7


Dungeon Overview and Level Annotations

Branches:
Dungeon (7/15)             Temple (1/1) D:5         Ossuary (visited)

Altars:
Ashenzari
Dithmenos
Elyvilon
Fedhas
Gozag
Hepliaklqana
Kikubaaqudgha
Makhleb
Nemelex Xobeh
Okawaru
Qazlal
Ru
Sif Muna
Trog
Uskayaw
Vehumet
Xom
Yredelemnul
Zin
The Shining One

Annotations:
D:5 4 runed translucent doors, Crazy Yiuf; SmokeWeed's ghost, weakling DEDe


Innate Abilities, Weirdness & Mutations

You have a pair of horns on your head.
You reflexively headbutt those who attack you in melee.


Message History

The two-headed ogre looks as sick as possible!
Aiming: Iceblast
Press: ? - help, Shift-Dir - straight line, f/p - two-headed ogre
Aim: a two-headed ogre, wielding two +0 giant clubs (heavily wounded)
The mass of ice explodes!
The iceblast engulfs the two-headed ogre!
The two-headed ogre is severely wounded.
The iceblast engulfs the yak.
The yak is almost dead.
The two-headed ogre looks as sick as possible!
Aiming: Iceblast
Press: ? - help, Shift-Dir - straight line, f/p - two-headed ogre
Aim: a two-headed ogre, wielding two +0 giant clubs (severely wounded)
The mass of ice explodes!
The iceblast engulfs the two-headed ogre!
The two-headed ogre is almost dead.
The iceblast engulfs the yak.
You kill the yak!
Qazlal accepts your kill.
Aiming: Iceblast
Press: ? - help, Shift-Dir - straight line, f/p - two-headed ogre
Aim: a two-headed ogre, wielding two +0 giant clubs (almost dead)
The mass of ice explodes!
The iceblast engulfs the two-headed ogre!
You kill the two-headed ogre!
Qazlal accepts your kill.
The iceblast engulfs the boulder beetle but does no damage.
The boulder beetle curls into a ball and begins rolling!
Your Staves skill increases to level 11!
Your Invocations skill increases to level 6!
The air fills with toxic fumes!
As you read the scroll of poison, it crumbles to dust.
The boulder beetle is poisoned.
The boulder beetle is engulfed in poison gas.
The boulder beetle looks even sicker.
The boulder beetle is engulfed in poison gas.
The boulder beetle looks even sicker.
The boulder beetle looks as sick as possible!
The boulder beetle hits you!!!
You die...

.......)........#.## ..####..#
.......>.......#..#☼#######....##
.......).....#.#.##§#.##....#..##
............#....#§##..##.#######
..........###...##☼#.#.##..#..##.
........#####...#.##.#..##.#.##.#
...............##☼#.##.###...###.
...............#§##.#.##.##.###.#
..............##@§☼##....##.##.#.
...(..........#B#########.##.##.#
#.............#○ #.#....#..##.##.
#..###..#....##§ #..##..#..##.##.
..## ##..##..##○ ##.##....##...##
.## ##.##.###V #.......##.#.## .#
#.#..###) ##...#.##.....# .#
#...###○O #.#...##.#.#.#
.########..# ###..##.......


You could see a boulder beetle (rolling, extremely poisoned), a two-headed ogre
(very poisoned) and a vampire.

Vanquished Creatures
  A two-headed ogre (D:7)
  Pikel (D:6)
  A manticore (D:7)
  A moth of wrath (D:7)
  Prince Ribbit (D:6)
  A fire bat (D:5)
  A yak (D:7)
  2 vampire mosquitoes (D:7)
  A steam dragon (D:6)
  Edmund (D:6)
  An ice beast (D:5)
  3 orc warriors (D:7)
  An ogre (D:5)
  2 sky beasts
  A black bear (D:7)
  A centaur (D:7)
  2 lemures (D:6)
  Blork the orc (D:5)
  2 bullfrogs (D:7)
  A gnoll sergeant (D:6)
  A scorpion (D:7)
  5 wights (D:6)
  5 killer bees (D:7)
  A howler monkey (D:6)
  2 hounds
  2 orc priests
  6 jellies
  A gnoll bouda (D:5)
  3 sleepcaps
  Natasha (thrice) (D:4)
  4 iguanas
  5 orc wizards
  12 mummies (Ossuary)
  9 gnolls
  4 adders
  4 white imps
  An ufetubus (D:5)
  5 dart slugs
  34 orcs
  15 endoplasms
  4 giant cockroaches
  8 goblins
  7 hobgoblins
  2 quokkas
  4 ball pythons
  7 bats
  7 frilled lizards
  3 gnoll skeletons (Ossuary)
  3 goblin skeletons (Ossuary)
  18 kobolds
  2 kobold skeletons (Ossuary)
  8 rats
  11 rat skeletons (Ossuary)
232 creatures vanquished.

Notes
Turn   | Place    | Note
-------+----------+-------------------------------------------
     0 | D:1      | freelancePsychic the Minotaur Conjurer began the quest for
                  | the Orb.
     0 | D:1      | Reached XP level 1. HP: 14/14 MP: 1/1
   102 | D:1      | Reached skill level 1 in Fighting
   156 | D:1      | Reached XP level 2. HP: 24/24 MP: 3/3
   574 | D:1      | Reached XP level 3. HP: 26/31 MP: 4/4
  2055 | D:3      | Reached XP level 4. HP: 40/40 MP: 5/5
  2324 | D:3      | Reached skill level 1 in Throwing
  2689 | D:3      | Reached skill level 5 in Fighting
  2689 | D:3      | Reached XP level 5. HP: 29/48 MP: 6/6
  3313 | D:4      | Found a blossoming altar of Fedhas.
  3344 | D:4      | Reached skill level 1 in Polearms
  3344 | D:4      | Reached XP level 6. HP: 29/56 MP: 7/7
  3388 | D:4      | Found a sand-covered staircase.
  3395 | Ossuary  | Entered an ossuary
  4451 | D:4      | Noticed Natasha
  4456 | D:4      | Killed Natasha
  4500 | D:4      | Reached XP level 7. HP: 42/64 MP: 8/8
  4636 | D:4      | Noticed Natasha
  4641 | D:4      | Killed Natasha
  4654 | D:4      | Noticed Natasha
  4662 | D:4      | Killed Natasha
  4698 | D:5      | Entered Level 5 of the Dungeon
  4699 | D:5      | Noticed SmokeWeed's ghost (weakling DEDe)
  4725 | D:5      | Found a runed translucent gate.
  4725 | D:5      | Found a runed translucent gate.
  4725 | D:5      | Found a runed translucent gate.
  4828 | D:5      | Noticed a troll
  4831 | D:5      | a troll changed into a harpy
  4831 | D:5      | Noticed a harpy
  4852 | D:5      | a harpy changed into a fire bat
  4852 | D:5      | Noticed a fire bat
  4858 | D:5      | Killed a fire bat
  4859 | D:5      | Reached skill level 5 in Polearms
  5047 | D:5      | Noticed Blork the orc
  5697 | D:5      | Killed Blork the orc
  5698 | D:5      | Reached skill level 1 in Staves
  5843 | D:5      | Reached skill level 2 in Staves
  5858 | D:5      | Reached XP level 8. HP: 5/73 MP: 9/9
  5864 | D:5      | Reached skill level 3 in Staves
  6016 | D:5      | Found a staircase to the Ecumenical Temple.
  6025 | Temple   | Entered the Ecumenical Temple
  6047 | Temple   | Became a worshipper of Qazlal Stormbringer
  6183 | D:5      | Found a runed translucent door.
  6184 | D:5      | Noticed Crazy Yiuf
  6381 | D:5      | Reached skill level 4 in Staves
  6381 | D:5      | Reached skill level 1 in Invocations
  6544 | D:6      | Reached skill level 5 in Staves
  6956 | D:6      | Noticed Prince Ribbit
  6969 | D:6      | Killed Prince Ribbit
  6970 | D:6      | Reached skill level 6 in Staves
  7000 | D:6      | Noticed Pikel
  7020 | D:6      | Killed Pikel
  7021 | D:6      | Reached skill level 7 in Staves
  7021 | D:6      | Reached XP level 9. HP: 31/83 MP: 10/10
  7225 | D:6      | Noticed Edmund
  7240 | D:6      | Killed Edmund
  7640 | D:6      | Reached * piety under Qazlal
  7652 | D:6      | Reached skill level 8 in Staves
  7897 | D:7      | Noticed Jeremiah
  7898 | D:7      | Jeremiah changed into Jeremiah the moth of wrath
  7898 | D:7      | Noticed Jeremiah
  7904 | D:7      | Killed Jeremiah the moth of wrath
  8795 | D:7      | Reached skill level 9 in Staves
  9128 | D:7      | Reached skill level 5 in Invocations
  9136 | D:7      | Reached skill level 10 in Fighting
  9406 | D:7      | Reached XP level 10. HP: 27/93 MP: 12/12
  9736 | D:7      | Reached skill level 10 in Staves
 10387 | D:7      | Noticed a manticore
 10387 | D:7      | Noticed a boulder beetle
 10389 | D:7      | Noticed a two-headed ogre
 10394 | D:7      | Noticed a two-headed ogre
 10396 | D:7      | Killed a manticore
 10401 | D:7      | Killed a two-headed ogre
 10402 | D:7      | Reached skill level 11 in Staves
 10404 | D:7      | Slain by a boulder beetle

Illustrated notes

Levels and vault maps discovered:
D:1:      sevenhm_arrival_forest_fort_large_2, layout_loops_ring
D:2:      layout_loops_ring
D:3:      cheibrodos_fertilizer, layout_loops_ring
D:4:      layout_rooms, lemuel_coloured_pillars_altar, enter_ossuary_2,
          uniq_natasha
D:5:      layout_loops_ring, temple_hall, gammafunk_ghost_icy,
          uniq_crazy_yiuf_cottage, uniq_blork_the_orc
D:6:      layout_loops_ring, uniq_pikel, uniq_edmund, uniq_prince_ribbit1
D:7:      minmay_the_grid_triangle_9x9_rhombus_full
          [minmay_the_grid_triangle_9x9_odd_lines,
          minmay_the_grid_triangle_9x9_descending_squares,
          minmay_the_grid_triangle_9x9_flanged_cone,
          minmay_the_grid_triangle_9x9_checkered,
          minmay_the_grid_triangle_9x9_corrupted_corridor,
          minmay_the_grid_triangle_9x9_longest,
          minmay_the_grid_triangle_9x9_swiss_cheese,
          minmay_the_grid_triangle_9x9_prize_insulated], layout_layer_cave,
          nicolae_elevator_lobby_plus, uniq_jeremiah
Temple:   nicolae_temple_bog_church

Skill      XL: |  1  2  3  4  5  6  7  8  9 10 |
---------------+-------------------------------+-----
Fighting       | 2 3 4 5 6 7 9 10 | 10.7
Throwing       | 2 3 |  3.0
Polearms       | 1 3 6 |  6.1
Staves         | 2 7 9 11 | 11.0
Invocations    | 3 5 6 |  6.0
Dodging        | |  2.1
Stealth        | |  1.5
Spellcasting   | |  1.3
Conjurations   | |  2.9
Evocations     | |  0.4

Action                     |  1- 3 |  4- 6 |  7- 9 | 10-12 || total
---------------------------+-------+-------+-------+-------++-------
  Melee: Rapier            |   167 |    72 |       |       ||   239
         Headbutt          |    27 |    26 |    48 |     8 ||   109
         Punch             |     2 |       |       |       ||     2
         Glaive            |       |   115 |    46 |       ||   161
         Lajatang          |       |       |   237 |    39 ||   276
  Throw: Boomerang         |       |    19 |    37 |     1 ||    57
  Evoke: Wand              |       |       |    14 |     6 ||    20
    Use: Scroll            |     3 |     8 |    12 |     3 ||    26
         Potion            |       |       |     3 |       ||     3
   Stab: Sleeping          |     5 |       |       |       ||     5
 Armour: Robe              |    12 |       |       |       ||    12
         Leather armour    |    34 |       |       |       ||    34
         Ring mail         |    61 |   110 |   269 |    37 ||   477
  Dodge: Dodged            |    92 |    79 |   142 |    16 ||   329
  Block: Other             |       |       |     5 |     1 ||     6

Table legend: (Time is in decaauts)
 A = Elapsed time spent in this place.
 B = Non-inter-level travel time spent in this place.
 C = Inter-level travel time spent in this place.
 D = Time resting spent in this place.
 E = Time spent auto-exploring this place.
 F = Levels seen in this place.
 G = Mean time per level.
                   A        B        C        D        E       F      G
               +--------+--------+--------+--------+--------+-----+--------+
         Total |  10545 |  10072 |    473 |    668 |   7499 |   9 | 1171.7 |
       Dungeon |   9581 |   9141 |    440 |    668 |   6792 |   7 | 1368.7 |
        Temple |     42 |      9 |     33 |      0 |      0 |   1 |   42.0 |
       Ossuary |    921 |    921 |      0 |      0 |    707 |   1 |  921.0 |
               +--------+--------+--------+--------+--------+-----+--------+

Top non-repeatable levels by time:
     D:7: 2052 daAuts
     D:6: 1846 daAuts
     D:5: 1782 daAuts
     D:3: 1278 daAuts
     D:1: 1110 daAuts
 Ossuary: 921 daAuts
     D:2: 785 daAuts
     D:4: 726 daAuts
  Temple: 42 daAuts
